 Seeded DCSS version 0.28-a0-957-g42eb19b844 (webtiles) character file.

Game seed: 20211209 (custom seed)

1806 a11behringer the Spear-Bearer (level 8, -2/70 HPs)
             Began as a Minotaur Fighter on Dec 1, 2021.
             Was a Believer of Uskayaw.
             Slain by a cyclops (20 damage)
             ... on level 6 of the Dungeon.
             The game lasted 00:18:54 (5450 turns).

a11behringer the Spear-Bearer (Minotaur Fighter)    Turns: 5450, Time: 00:18:55

Health: -2/70      AC: 12    Str: 29    XL:     8   Next: 84%
Magic:  0/7        EV:  9    Int:  5    God:    Uskayaw [**....]
Gold:   119        SH:  4    Dex: 10    Spells: 7/7 levels left

rFire   . . .      SeeInvis .   A - +1 spear (vorpal)
rCold   . . .      Faith    .   c - +0 buckler
rNeg    . . .      Spirit   .   u - +0 chain mail
rPois   .          Reflect  .   (helmet restricted)
rElec   .          Harm     .   t - +1 cloak
rCorr   +          Rampage  .   (no gloves)
Will    .....                   (no boots)
Stlth   ..........              (no amulet)
HPRegen 0.21/turn               f - +6 ring of strength
MPRegen 0.10/turn               r - ring of resist corrosion

@: mighty, lethally poisoned (-2 -> -5)
A: horns 2, retaliatory headbutt
a: Renounce Religion, Stomp, Line Pass


You were on level 6 of the Dungeon.
You worshipped Uskayaw.
Uskayaw was noncommittal.
You visited 1 branch of the dungeon, and saw 6 of its levels.

You collected 119 gold pieces.

Inventory:

Hand Weapons
 a - a +0 trident of freezing
 A - a +1 vorpal spear (weapon)
Missiles
 k - a throwing net (quivered)
 l - 15 poisoned darts
 n - 57 arrows
Armour
 b - a +0 scale mail
 c - a +0 buckler (worn)
 q - a +0 cloak
 t - a +1 cloak (worn)
 u - a +0 chain mail (worn)
 x - a +2 ring mail of willpower
 z - a scarf of repulsion
Magical Staves
 v - a staff of earth
Jewellery
 d - a ring of fire
 f - a +6 ring of strength (left hand)
 r - a ring of resist corrosion (right hand)
Wands
 j - a wand of digging (5)
 y - a wand of iceblast (7)
Scrolls
 h - a scroll of enchant armour
 p - a scroll of fog
 s - a scroll of amnesia
 w - a scroll of blinking {unknown}
 B - a scroll of identify
Potions
 e - a potion of magic {unknown}
 g - a potion of berserk rage {unknown}
 i - 3 potions of curing
 m - a potion of flight
 C - a potion of cancellation {unknown}
 D - 2 potions of attraction {unknown}


   Skills:
 + Level 5.7 Fighting
 * Level 11.2 Polearms
 + Level 6.6 Armour
 + Level 1.6 Dodging
 + Level 4.8 Shields


You had 7 spell levels left.
You didn't know any spells.
Your spell library contained the following spells:

 Spells                   Type           Power      Damage    Failure   Level
 Pain                     Necr           0%         1d4       94%         1
 Agony                    Necr           0%         N/A       100%        5
 Excruciating Wounds      Necr           0%         N/A       100%        5


Dungeon Overview and Level Annotations

Branches:
Dungeon (6/15)
 Temple: D:4-7

Altars:
Hepliaklqana
Qazlal
Uskayaw
Vehumet


Innate Abilities, Weirdness & Mutations

You have a pair of horns on your head.
You reflexively headbutt those who attack you in melee.


Message History

Press: ? - help, Dir - move target, p - kobold brigand The kobold brigand appears confused.
The gnoll appears confused.
The kobold brigand appears confused.
The cyclops appears confused.
The kobold brigand is no longer paralysed.
The cyclops is no longer paralysed.
The kobold brigand is no longer paralysed.
The orc warrior is no longer paralysed.
The orc warrior hits you with a +0 morningstar.
The kobold brigand hits the gnoll with a +0 whip.
You stomp with the beat, sending a shockwave through the revellers around you!
The cyclops is moderately wounded.
The orc warrior is moderately wounded.
You can no longer pass through a line of other dancers.
The kobold brigand seems less confused.
The gnoll is no longer paralysed.
The cyclops seems less confused.
The kobold brigand seems less confused.
The gnoll is no longer paralysed.
The orc warrior hits you with a +0 morningstar.
The cyclops hits you!
* * * LOW HITPOINT WARNING * * *
The kobold brigand throws a poisoned dart.
The poisoned dart hits you!
You are poisoned.
You can now pass through a line of other dancers.
Okay, then.
Okay, then.
You feel better.
The gnoll seems less confused.
The orc warrior hits you with a +0 morningstar.
* * * LOW HITPOINT WARNING * * *
The gnoll closely misses you.
The kobold brigand throws a poisoned dart.
The poisoned dart hits you.
You are poisoned.
The cyclops hits you.
* * * LOW HITPOINT WARNING * * *
You feel very mighty all of a sudden.
You feel sick. The orc warrior misses you. The gnoll misses you.
The gnoll hits you but does no damage.
You hit the cyclops.
The cyclops is moderately wounded.
The cyclops hits you!!
You die...

≈≈≈≈≈≈≈....≈≈≈≈≈≈
.................
#######''''######
#....# #.)..#
#....# #####
#Kgg.#
......#oC..#
......'.@K.+
......'....+
......#8..8#
############


You could see a cyclops, an orc warrior, 2 kobold brigands and 2 gnolls.

Vanquished Creatures
  Grinder (D:3)
  Sigmund (D:4)
  4 ogres
  A necrophage (D:3)
  A phantom (D:6)
  Blork the orc (D:4)
  3 scorpions (D:5)
  A wyvern zombie (D:5)
  A water moccasin zombie (D:5)
  A water moccasin skeleton (D:5)
  A centaur zombie (D:6)
  An orc priest (D:6)
  A jelly (D:5)
  5 hounds
  Crazy Yiuf (D:3)
  A centaur skeleton (D:6)
  An orc wizard (D:6)
  A howler monkey skeleton (D:4)
  A howler monkey zombie (D:5)
  8 adders
  A shadow imp (D:6)
  An adder skeleton (D:4)
  2 worms
  2 dart slugs (D:1)
  7 orcs
  2 bats (D:1)
  11 endoplasms
  8 giant cockroaches
  12 hobgoblins
  6 jackals (D:2)
  2 quokkas (D:1)
  9 ball pythons
  5 frilled lizards
  7 goblins
  10 kobolds
  9 rats
130 creatures vanquished.

Vanquished Creatures (others)
  A plant (D:4)
1 creature vanquished.

Grand Total: 131 creatures vanquished

Notes
Turn   | Place    | Note
-------+----------+-------------------------------------------
     0 | D:1      | a11behringer the Minotaur Fighter began the quest for the
                  | Orb.
     0 | D:1      | Reached XP level 1. HP: 19/19 MP: 0/0
    90 | D:1      | Reached XP level 2. HP: 26/27 MP: 1/1
   141 | D:1      | Found a faded altar of an unknown god.
   495 | D:1      | Reached skill level 3 in Polearms
   608 | D:1      | Reached XP level 3. HP: 33/33 MP: 2/2
  1623 | D:2      | Reached skill level 4 in Polearms
  1634 | D:2      | Reached XP level 4. HP: 40/40 MP: 3/3
  2002 | D:3      | Noticed Grinder
  2002 | D:3      | Paralysed by Grinder for 7 turns
  2048 | D:3      | Paralysed by Grinder for 2 turns
  2077 | D:3      | Paralysed by Grinder for 3 turns
  2082 | D:3      | HP: 2/40 [Grinder (6)]
  2083 | D:3      | Killed Grinder
  2084 | D:3      | Reached skill level 6 in Polearms
  2084 | D:3      | Reached XP level 5. HP: 3/47 MP: 4/4
  2084 | D:3      | Reached XP level 6. HP: 4/53 MP: 5/5
  2412 | D:3      | Reached skill level 1 in Dodging
  2909 | D:3      | Found a runed translucent door.
  2910 | D:3      | Noticed Crazy Yiuf
  3040 | D:4      | Reached skill level 7 in Polearms
  3054 | D:4      | Noticed Sigmund
  3133 | D:3      | Killed Crazy Yiuf
  3656 | D:4      | Killed Sigmund
  3657 | D:4      | Reached skill level 5 in Fighting
  3657 | D:4      | Reached skill level 5 in Armour
  3657 | D:4      | Reached XP level 7. HP: 55/61 MP: 6/6
  3699 | D:4      | Noticed Blork the orc
  3710 | D:4      | Reached skill level 8 in Polearms
  3716 | D:4      | Killed Blork the orc
  4226 | D:5      | Entered Level 5 of the Dungeon
  4285 | D:5      | Reached skill level 9 in Polearms
  4404 | D:5      | Found a hide-covered altar of Uskayaw.
  4405 | D:5      | Found a hazy altar of Hepliaklqana.
  4433 | D:5      | Found a radiant altar of Vehumet.
  4467 | D:5      | Became a worshipper of Uskayaw the Reveller
  4543 | D:5      | Reached * piety under Uskayaw
  4546 | D:5      | Reached ** piety under Uskayaw
  4547 | D:5      | Reached XP level 8. HP: 63/68 MP: 7/7
  5279 | D:6      | Found a stormy altar of Qazlal.
  5357 | D:6      | Reached skill level 10 in Polearms
  5388 | D:6      | Reached *** piety under Uskayaw
  5395 | D:6      | Reached **** piety under Uskayaw
  5398 | D:6      | Reached ***** piety under Uskayaw
  5420 | D:6      | Reached skill level 11 in Polearms
  5433 | D:6      | Noticed a cyclops
  5450 | D:6      | Slain by a cyclops

Illustrated notes

Levels and vault maps discovered:
D:1:      mrwooster_arrival_statue_2, layout_loops_ring,
          shapermc_ecumenical_altar_flowoftime
D:2:      minmay_alternating_diamond, layout_loops_corners, st_stairs_6,
          minmay_tripent
D:3:      minmay_recursive_quarters, layout_basic, uniq_crazy_yiuf_cottage,
          uniq_grinder
D:4:      corexii_shack_village, layout_rooms, uniq_blork_the_orc, uniq_sigmund
D:5:      layout_loops_corners, kennysheep_little_box,
          gammafunk_temple_overflow_pools
D:6:      lemuel_castle_with_subvaults [lemuel_castle_interior_carwin_2],
          layout_loops_ring, overflow_temple_1_default,
          ebering_ghost_reflecting_pool, minmay_misc_feat_encased

Skill      XL: |  1  2  3  4  5  6  7  8 |
---------------+-------------------------+-----
Polearms       | 3 4 6 7 9 11 | 11.2
Fighting       | 4 5 |  5.7
Armour         | 4 5 6 |  6.6
Shields        | 4 |  4.8
Dodging        | 1 |  1.6

Action                   |  1- 3 |  4- 6 |  7- 9 || total
-------------------------+-------+-------+-------++-------
Melee: Trident           |    96 |    97 |    20 ||   213
       Headbutt          |     9 |    16 |    22 ||    47
       Spear             |       |       |   126 ||   126
Invok: Stomp             |       |       |     1 ||     1
       Line Pass         |       |       |     1 ||     1
  Use: Potion            |       |     1 |     2 ||     3
       Scroll            |       |     1 |     7 ||     8
Armor: Scale mail        |    26 |    12 |       ||    38
       Skin              |       |     2 |       ||     2
       Chain mail        |       |    15 |    37 ||    52
Dodge: Dodged            |    31 |    37 |    29 ||    97
Block: Buckler           |    10 |    15 |    12 ||    37

Table legend: (Time is in decaauts)
 A = Elapsed time spent in this place.
 B = Non-inter-level travel time spent in this place.
 C = Inter-level travel time spent in this place.
 D = Time resting spent in this place.
 E = Time spent auto-exploring this place.
 F = Levels seen in this place.
 G = Mean time per level.
                   A        B        C        D        E       F      G
               +--------+--------+--------+--------+--------+-----+--------+
         Total |   5407 |   4681 |    726 |      0 |   3962 |   6 |  901.2 |
       Dungeon |   5407 |   4681 |    726 |      0 |   3962 |   6 |  901.2 |
               +--------+--------+--------+--------+--------+-----+--------+

Top non-repeatable levels by time:
     D:3: 1508 daAuts
     D:1: 1035 daAuts
     D:5: 1010 daAuts
     D:2: 921 daAuts
     D:4: 760 daAuts
     D:6: 170 daAuts
